 Dungeon Crawl Stone Soup version 0.21.1-1-g345015fe64 (webtiles) character file.

59167 DildoBatman the Bewitcher (level 15, -5/110 HPs)
             Began as a Formicid Wizard on May 8, 2018.
             Was an Elder of Sif Muna.
             Killed from afar by an ice statue (20 damage)
             ... with a bolt of cold
             ... on level 1 of the Shoals.
             The game lasted 02:43:04 (29821 turns).

DildoBatman the Bewitcher (Formicid Wizard)        Turns: 29821, Time: 02:43:05

Health: -5/110     AC: 14    Str: 21    XL:     15   Next: 33%
Magic:  25/25      EV: 14    Int: 24    God:    Sif Muna [****..]
Gold:   1981       SH: 12    Dex: 12    Spells: 5/28 levels left

rFire    . . .     SeeInvis +   c - +3 longbow (flame)
rCold    . . .     Gourm    .   g - +0 shield
rNeg     . . .     Faith    +   o - +0 troll leather armour
rPois    .         Spirit   .   (helmet unavailable)
rElec    .         Reflect  .   B - +0 cloak
rCorr    .         Harm     .   U - +0 pair of gloves
MR       +....                  W - +2 pair of boots
Stlth    +++.......             i - amulet of the Philosopher {Faith Str+4}
HPRegen  0.68/turn              f - ring "Panaf" {AC+3 Slay+2}
MPRegen  0.19/turn              m - +3 ring of dexterity

@: mighty, divine energy
A: permanent stasis, dig shafts and tunnels, four strong arms, antennae 3
a: Dig, Shaft Self, Stop Divine Energy, Channel Magic, Forget Spell, Renounce
Religion


You were on level 1 of the Shoals.
You worshipped Sif Muna.
Sif Muna was greatly pleased with you.
You were near starving.

You visited 5 branches of the dungeon, and saw 21 of its levels.
You also visited: Sewer, Ice Cave and Volcano.

You collected 2623 gold pieces.
You spent 642 gold pieces at shops.

Inventory:

Hand Weapons
 a - a +2 halberd of venom
 b - the +1 flail of Wiyrr {elec, rC- Str+10 Dex+7}
   (You found it on level 1 of the Lair of Beasts)

   Occasionally, upon striking a foe, it will discharge some electrical energy
   and cause terrible harm.
   It affects your strength (+10).
   It affects your dexterity (+7).
   It makes you vulnerable to cold.
 c - a +3 longbow of flaming (weapon)
 d - a +0 glaive of flaming
 h - a +0 glaive of freezing
 j - a +1 bardiche of freezing
 l - a +1 demon trident of flaming
Missiles
 e - 229 arrows (quivered)
Armour
 g - a +0 shield (worn)
 k - the +1 leather armour "Essolyna" {MR+ Str+6}
   (You found it on level 11 of the Dungeon)

   It affects your strength (+6).
   It affects your resistance to hostile enchantments.
 o - a +0 troll leather armour (worn)
 p - a +3 ring mail of fire resistance
 s - +2 ice dragon scales
 B - a +0 cloak (worn)
 U - a +0 pair of gloves (worn)
 W - a +2 pair of boots (worn)
Jewellery
 f - the ring "Panaf" (left hand) {AC+3 Slay+2}
   (You found it on level 10 of the Dungeon)

   [ring of protection]

   It affects your AC (+3).
   It affects your accuracy and damage with ranged weapons and melee attacks
   (+2).
 i - the amulet of the Philosopher (around neck) {Faith Str+4}
   (You bought it in a shop on level 2 of the Orcish Mines)

   [amulet of faith]

   It allows you to gain divine favour quickly.
   It affects your strength (+4).
 m - a +3 ring of dexterity (right hand)
 O - an uncursed ring of positive energy
 S - an uncursed ring of resist corrosion
Scrolls
 n - a scroll of holy word {unknown}
 x - 3 scrolls of remove curse
 z - 17 scrolls of identify
 C - a scroll of magic mapping
Potions
 r - a potion of might
 Z - a potion of curing
Books
 q - a book of Death

   Spells                             Type                      Level
   a - Corpse Rot                     Necromancy                   2
   b - Sublimation of Blood           Necromancy                   2
   c - Agony                          Necromancy                   5
   d - Dispel Undead                  Necromancy                   5
   e - Excruciating Wounds            Charms/Necromancy            5
   f - Bolt of Draining               Conjuration/Necromancy       5
Comestibles
 v - 36 rations


   Skills:
 - Level 8.0 Fighting
 - Level 6.0 Polearms
 - Level 7.0 Armour
 - Level 5.0 Dodging
 - Level 7.0 Stealth
 - Level 10.0 Shields
 - Level 7.0 Spellcasting
 - Level 5.0 Conjurations
 - Level 16.0 Hexes
 - Level 3.0 Charms
 - Level 1.0 Summonings
 - Level 3.0 Necromancy
   Level 0.8 Translocations
 - Level 4.0 Air Magic
 * Level 1.8 Earth Magic
 - Level 10.0 Poison Magic
   Level 8.0 Evocations


You had 5 spell levels left.
You knew the following spells:

 Your Spells              Type           Power        Failure   Level  Hunger
a - Slow                  Hex            ######..     0%          2    None
b - Confuse               Hex            ######..     1%          3    None
c - Magic Dart            Conj           ####         1%          1    None
d - Regeneration          Chrm/Necr      ###.......   7%          3    None
e - Mephitic Cloud        Conj/Pois/Air  #####...     1%          3    None
f - Call Imp              Summ           ##......     9%          2    None
g - Borgnjor's Vile Clut  Necr/Erth      ###.......   63%         5    #####..
h - Swiftness             Chrm/Air       ####....     3%          2    None
z - Sublimation of Blood  Necr           ###.......   3%          2    None


Dungeon Overview and Level Annotations

Branches:
Dungeon (11/15)            Temple (1/1) D:6            Lair (6/6) D:10
 Shoals (1/4) Lair:3       Spider (0/4) Lair:2        Slime (0/5) Lair:6
    Orc (2/2) D:9             Elf (0/3) Orc:2

Altars:
Ashenzari
Cheibriados
Dithmenos
Elyvilon
Fedhas
Gozag
Hepliaklqana
Kikubaaqudgha
Makhleb
Nemelex Xobeh
Okawaru
Qazlal
Ru
Sif Muna
Trog
Uskayaw
Vehumet
Wu Jian
Xom
Yredelemnul
Zin
The Shining One
Beogh

Shops:
D:4 (   D:6 [:   Orc:2 *}([

Annotations:
D:5 Purgy
D:10 Freyura's ghost, journeyman VSFi
D:11 exclusion: manticore
Lair:3 Fibo's ghost, journeyman DsGl
Shoals:1 exclusion: ice statue


Innate Abilities, Weirdness & Mutations

You cannot be hasted, slowed, berserked, paralysed or teleported.
You can dig through walls and to a lower floor.
Your four strong arms can wield two-handed weapons with a shield.
You have a pair of large antennae on your head. (SInv)


Message History

Welcome back to the Shoals!
Level annotation: exclusion: ice statue
There is a collapsed entrance here.
You can't go up here!
The ice statue gestures at you. The freezing blast misses you.
You extend your mandibles.
You dig through the rock wall.
You dig through the rock wall.
Search for what [? for help]? fly Can't find anything matching that.
Unknown command.
You feel better. The ice statue gestures at you.
The freezing blast engulfs you!
You feel very mighty all of a sudden.
You are engulfed in freezing vapours.
The ice statue gestures at you. The bolt of cold hits you!
You die...

≈≈≈≈≈≈≈≈≈≈≈....,,,,P≈≈≈≈≈≈≈≈≈≈≈≈≈
≈≈≈≈≈≈≈≈≈≈,....***.≈≈≈≈≈≈≈≈≈≈≈≈≈≈
≈≈≈≈≈≈≈≈≈,,,...* *..≈≈≈≈≈≈≈≈≈≈≈≈≈
≈≈≈≈≈≈≈≈..,*#..###.≈≈PP≈≈≈≈≈≈≈≈≈≈
≈≈≈≈≈≈,≈...##.....≈≈≈≈≈≈≈≈≈≈≈≈≈≈≈
≈≈≈≈≈≈≈,.......≈≈P≈≈≈≈.P,≈≈≈≈≈≈≈≈
≈≈≈≈≈≈≈,..≈≈≈≈≈≈≈§§≈≈P..,≈≈≈≈≈≈≈≈
≈≈≈≈≈≈≈,,≈≈####§§§≈≈...#,,≈≈≈≈≈≈≈
≈≈≈≈≈≈≈≈≈≈##§§§#@§≈≈....,,≈≈≈≈≈≈≈
≈≈≈≈≈≈≈≈≈≈#.§§.§#§≈≈≈...≈≈,,≈≈≈≈≈
≈≈≈≈≈≈≈≈.≈#}§§.§#≈§≈≈..≈≈≈,,,≈≈≈≈
≈≈≈≈≈≈≈..≈#..8..#≈.≈≈...≈,,**,≈≈≈
≈≈≈≈≈≈≈..≈#..!..#≈....≈.,,***,,≈≈
≈≈≈≈≈≈≈..≈##...##≈......,,,,**,≈≈
≈≈≈,≈≈≈..≈≈##'##≈≈......,,****,,≈
≈≈≈≈≈≈≈.......)......###,** *,,≈
≈≈≈≈≈≈≈.............#* *** **,≈


You could see an ice statue.

Vanquished Creatures
  An orc warlord (Orc:2)
  Nessos (Lair:5)
  An ettin (Orc:2)
  3 hydras
  An ice dragon (Lair:5)
  3 catoblepae
  3 two-headed ogres
  Erica (D:8)
  A queen ant (Lair:2)
  A merfolk avatar (Lair:6)
  2 orc high priests (Orc:2)
  A sea snake (Lair:6)
  An orc knight (Orc:1)
  A harpy (Lair:6)
  5 ugly things
  An oklob plant (Lair:3)
  2 orc sorcerers
  3 manticores
  An elephant (Lair:6)
  2 black mambas
  A smoke demon (Volcano)
  6 spiny frogs
  2 death yak zombies
  9 komodo dragons
  5 rime drakes
  9 ice devils (IceCv)
  4 hydra zombies
  2 catoblepas skeletons
  A red devil (Volcano)
  A death yak skeleton (Lair:6)
  3 trolls
  4 polar bears
  A wind drake (Lair:6)
  4 hydra skeletons
  14 blink frogs
  8 hornets
  5 dream sheep (Lair:6)
  15 hippogriffs
  A snapping turtle (Shoals:1)
  2 black mamba zombies
  3 wraiths
  12 spriggans (Lair:5)
  30 yaks
  A basilisk (Lair:6)
  3 wyverns
  6 black mamba skeletons
  A hungry ghost (D:9)
  2 steam dragons
  3 wargs (Orc:1)
  3 hell hounds
  15 soldier ants
  2 spiny frog zombies (Lair:4)
  17 porcupines
  13 water moccasins
  28 orc warriors
  2 ice beasts (D:11)
  5 sky beasts
  2 black bears
  An eye of draining (D:11)
  A spiny frog skeleton (Lair:3)
  3 boggarts (Lair:5)
  The ghost of supermoro the Slasher, an amateur MiGl (D:3)
  4 ogres
  3 phantoms
  14 wolves
  A blink frog zombie (Lair:1)
  A dream sheep skeleton (Lair:5)
  2 rime drake zombies (Lair:2)
  A centaur (D:7)
  2 blink frog skeletons (Lair:3)
  An elephant skeleton (Lair:6)
  3 big kobolds
  5 crocodiles
  A komodo dragon zombie (Lair:1)
  A hippogriff skeleton (Lair:3)
  14 bullfrogs
  A water moccasin zombie (Lair:4)
  2 water moccasin skeletons (Lair:3)
  4 scorpions
  2 yak zombies (Lair:3)
  2 troll zombies (D:9)
  10 killer bees
  2 yak skeletons (Lair:3)
  6 wights
  3 howler monkeys
  A wolf zombie (Lair:3)
  3 crimson imps
  4 bullfrog zombies
  2 centaur zombies
  A hound (D:8)
  A soldier ant zombie (Lair:2)
  2 wolf skeletons (Lair:3)
  A jelly (D:10)
  A quasit (D:8)
  2 gnoll shamans
  12 orc priests
  19 orc wizards
  A bullfrog skeleton (Lair:3)
  Jessica (D:2)
  2 basilisk skeletons (Lair:3)
  3 iguanas
  4 porcupine zombies
  22 worker ants
  3 porcupine skeletons
  A crocodile zombie (Lair:3)
  4 ogre zombies (D:9)
  3 crocodile skeletons (Lair:4)
  A hound zombie (D:11)
  4 worker ant zombies
  19 gnolls
  A howler monkey skeleton (D:5)
  7 adders
  A river rat (D:5)
  3 shadow imps
  6 white imps
  8 ufetubi (IceCv)
  3 oozes
  A worm (D:6)
  4 dart slugs
  8 leopard geckos
  76 orcs
  7 ball pythons
  11 bats
  5 giant cockroaches
  5 goblins
  9 hobgoblins
  19 jackals
  22 kobolds
  3 quokkas
  9 frilled lizards
  3 goblin zombies (D:9)
  A hobgoblin skeleton (D:9)
  2 hobgoblin zombies (D:9)
  A leopard gecko zombie (D:5)
  An orc skeleton (D:9)
  12 orc zombies (D:9)
  9 rats
  2 fungi
  A plant (Lair:3)
728 creatures vanquished.

Vanquished Creatures (collateral kills)
  2 soldier ants (Lair:2)
  An orc (Orc:1)
3 creatures vanquished.

Vanquished Creatures (others)
  2 soldier ants (Lair:2)
  A dream sheep skeleton (Lair:3)
  A white imp (IceCv)
  5 ufetubi (IceCv)
  37 fungi
  25 plants
71 creatures vanquished.

Grand Total: 802 creatures vanquished

Notes
Turn   | Place    | Note
-------+----------+-------------------------------------------
     0 | D:1      | DildoBatman the Formicid Wizard began the quest for the Orb.
     0 | D:1      | Reached XP level 1. HP: 13/13 MP: 4/4
    41 | D:1      | Reached skill level 1 in Conjurations
   232 | D:1      | Reached skill level 1 in Fighting
   232 | D:1      | Reached XP level 2. HP: 19/21 MP: 0/6
   612 | D:1      | Reached XP level 3. HP: 21/27 MP: 0/7
  1057 | D:2      | Noticed Jessica
  1090 | D:2      | Killed Jessica
  1090 | D:2      | Reached XP level 4. HP: 11/35 MP: 0/8
  1868 | D:2      | Reached skill level 1 in Armour
  2134 | D:3      | Found a glowing golden altar of the Shining One.
  2150 | D:3      | Noticed supermoro's ghost (amateur MiGl)
  2208 | D:3      | Reached XP level 5. HP: 41/41 MP: 7/9
  2400 | D:3      | Found a white marble altar of Elyvilon.
  2401 | D:3      | Found a basalt altar of Yredelemnul.
  3494 | D:4      | Reached XP level 6. HP: 13/47 MP: 1/10
  3496 | D:4      | HP: 1/47 [gnoll/flail (13)]
  4136 | D:2      | Learned a level 2 spell: Slow
  4140 | D:2      | Learned a level 3 spell: Mephitic Cloud
  4143 | D:2      | Learned a level 2 spell: Call Imp
  4715 | D:4      | Found a blossoming altar of Fedhas.
  5363 | D:4      | Reached XP level 7. HP: 43/55 MP: 0/11
  5381 | D:4      | Found Jodd's Weapon Boutique.
  5628 | D:5      | Entered Level 5 of the Dungeon
  5685 | D:5      | Found a glowing drain.
  5744 | Sewer    | Entered a sewer
  5748 | Sewer    | Noticed Purgy
  5832 | Sewer    | Got a shadowed robe
  5843 | Sewer    | Identified the +1 robe of the Lily {rElec} (You found it in a sewer)
  6089 | D:5      | Found a shattered altar of Ashenzari.
  6365 | D:5      | Reached skill level 5 in Fighting
  6684 | D:5      | Found a shimmering altar of Xom.
  7241 | D:6      | Found Sokagucs's Antique Armour Emporium.
  7598 | D:6      | Found a staircase to the Ecumenical Temple.
  7607 | Temple   | Entered the Ecumenical Temple
  7816 | Temple   | Became a worshipper of Kikubaaqudgha
  8009 | D:4      | Reached skill level 1 in Hexes
  8009 | D:4      | Reached skill level 1 in Poison Magic
  8375 | D:6      | Reached skill level 1 in Air Magic
  8479 | D:6      | Reached skill level 2 in Hexes
  8479 | D:6      | Reached XP level 8. HP: 37/62 MP: 7/12
  8568 | D:6      | Reached * piety under Kikubaaqudgha
  8568 | D:6      | Identified Kikubaaqudgha's Reference Book on Sinister Rites (Kikubaaqudgha gifted it to you on level 6 of the Dungeon)
  8568 | D:6      | Received a gift from Kikubaaqudgha
  8597 | D:6      | Learned a level 3 spell: Regeneration
  8600 | D:6      | Learned a level 2 spell: Sublimation of Blood
  8639 | D:6      | Found Vapif's Book Emporium.
  8815 | D:6      | Reached skill level 3 in Hexes
  9376 | D:7      | Reached skill level 5 in Poison Magic
  9563 | D:8      | Noticed a hippogriff
  9569 | D:8      | Noticed Erica
  9584 | D:7      | Killed a hippogriff
  9618 | D:7      | Noticed a hippogriff
  9627 | D:7      | Killed a hippogriff
  9627 | D:7      | Reached XP level 9. HP: 61/68 MP: 6/14
 10010 | D:8      | Found a hide-covered altar of Uskayaw.
 10016 | D:8      | Found a sparkling altar of Nemelex Xobeh.
 10017 | D:8      | Found an iron altar of Okawaru.
 10033 | D:8      | Found a sacrificial altar of Ru.
 10034 | D:8      | Found a deep blue altar of Sif Muna.
 10732 | D:8      | Reached skill level 4 in Hexes
 10781 | D:8      | Found an ornate altar of the Wu Jian Council.
 10810 | D:8      | Reached skill level 1 in Evocations
 10988 | D:9      | Learned a level 3 spell: Confuse
 11169 | D:9      | Found a staircase to the Orcish Mines.
 11235 | D:9      | Reached skill level 1 in Polearms
 11262 | D:9      | Noticed a hippogriff
 11291 | D:9      | Killed a hippogriff
 11556 | D:9      | Reached skill level 5 in Hexes
 11575 | D:9      | Noticed a two-headed ogre
 11610 | D:8      | Reached ** piety under Kikubaaqudgha
 11786 | D:8      | Reached XP level 10. HP: 46/74 MP: 3/16
 12051 | D:8      | Reached skill level 6 in Hexes
 12135 | D:8      | Killed Erica
 12680 | D:9      | Killed a two-headed ogre
 12718 | D:9      | Found a radiant altar of Vehumet.
 13073 | D:3      | Killed supermoro's ghost
 13232 | D:6      | Bought a pair of embroidered boots for 217 gold pieces
 13357 | Orc:1    | Entered Level 1 of the Orcish Mines
 13362 | Orc:1    | Noticed an orc knight
 13442 | Orc:1    | Killed an orc knight
 13442 | Orc:1    | Reached skill level 5 in Stealth
 13589 | Orc:1    | Reached XP level 11. HP: 79/81 MP: 17/17
 13610 | Orc:1    | Reached *** piety under Kikubaaqudgha
 13610 | Orc:1    | Identified Kikubaaqudgha's Tome of Darkness (Kikubaaqudgha gifted it to you on level 1 of the Orcish Mines)
 13610 | Orc:1    | Received a gift from Kikubaaqudgha
 13677 | Orc:1    | Found a dark tunnel.
 13777 | Volcano  | Entered a volcano
 13816 | Volcano  | Noticed an orc sorcerer
 13880 | Volcano  | Reached skill level 7 in Hexes
 13941 | Volcano  | Killed an orc sorcerer
 14043 | Volcano  | Noticed a red ugly thing
 14047 | Volcano  | Killed a red ugly thing
 14047 | Volcano  | Reached skill level 8 in Hexes
 14113 | Volcano  | Reached skill level 9 in Hexes
 14146 | Volcano  | Noticed a red ugly thing
 14158 | Volcano  | Noticed a red ugly thing
 14186 | Volcano  | Killed a red ugly thing
 14239 | Volcano  | Killed a purple ugly thing
 14239 | Volcano  | Reached skill level 10 in Hexes
 14746 | Orc:2    | Entered Level 2 of the Orcish Mines
 14746 | Orc:2    | Found a staircase to the Elven Halls.
 15193 | Orc:2    | Noticed an ettin
 15234 | Orc:1    | Reached skill level 11 in Hexes
 15308 | Orc:2    | Noticed an orc sorcerer
 15416 | Orc:2    | Found a roughly hewn altar of Beogh.
 15449 | Orc:2    | Found Sexoism's Gadget Boutique.
 15628 | Orc:2    | Noticed a soul eater
 15643 | Orc:1    | Killed an orc sorcerer
 15685 | Orc:2    | Killed an ettin
 15685 | Orc:2    | Reached **** piety under Kikubaaqudgha
 15685 | Orc:2    | Reached skill level 12 in Hexes
 15739 | Orc:2    | Noticed a two-headed ogre
 15760 | Orc:2    | Killed a two-headed ogre
 15760 | Orc:2    | Reached skill level 1 in Charms
 15760 | Orc:2    | Reached XP level 12. HP: 71/87 MP: 14/19
 15821 | Orc:2    | Reached skill level 1 in Necromancy
 15926 | Orc:2    | Found a roughly hewn altar of Beogh.
 15928 | Orc:2    | Found a roughly hewn altar of Beogh.
 15948 | Orc:2    | Reached skill level 5 in Armour
 15999 | Orc:2    | Found Zueziph's Assorted Antiques.
 16004 | Orc:2    | Bought a brightly glowing golden amulet for 165 gold pieces
 16004 | Orc:2    | Bought a ruby potion for 29 gold pieces
 16004 | Orc:2    | Bought a ruby potion for 29 gold pieces
 16017 | Orc:2    | Identified the amulet of the Philosopher {Faith Str+4} (You bought it in a shop on level 2 of the Orcish Mines)
 16129 | Orc:2    | Noticed an orc high priest
 16212 | Orc:2    | Killed an orc high priest
 16212 | Orc:2    | Reached skill level 5 in Spellcasting
 16237 | Orc:2    | Noticed an orc high priest
 16316 | Orc:2    | Killed an orc high priest
 16439 | Orc:2    | Found Olusief's Antique Weapon Shoppe.
 16441 | Orc:2    | Found a roughly hewn altar of Beogh.
 16441 | Orc:2    | Found Jozonk's Antique Armour Emporium.
 16493 | Orc:2    | Noticed an orc warlord
 16804 | Orc:2    | Killed an orc warlord
 17053 | Orc:2    | Bought a runed shield for 202 gold pieces
 17509 | D:5      | Reached skill level 1 in Shields
 17603 | D:10     | Entered Level 10 of the Dungeon
 17643 | D:10     | Noticed Freyura's ghost (journeyman VSFi)
 17670 | D:10     | Noticed a two-headed ogre
 17677 | D:10     | Killed a two-headed ogre
 17929 | D:10     | Reached ***** piety under Kikubaaqudgha
 18071 | D:10     | Reached skill level 5 in Shields
 18241 | D:10     | Got a flickering copper ring
 18282 | D:9      | Identified the ring "Panaf" {AC+3 Slay+2} (You found it on level 10 of the Dungeon)
 18621 | D:10     | Found a staircase to the Lair.
 18912 | D:10     | Learned a level 5 spell: Borgnjor's Vile Clutch
 19144 | D:11     | Got a transparent leather armour
 19288 | D:11     | Noticed a skeletal warrior
 19326 | D:11     | Reached XP level 13. HP: 63/93 MP: 15/20
 19574 | D:11     | Found a white marble altar of Elyvilon.
 19994 | D:10     | Identified the +1 leather armour "Essolyna" {MR+ Str+6} (You found it on level 11 of the Dungeon)
 20020 | Lair:1   | Entered Level 1 of the Lair of Beasts
 20139 | Lair:1   | Reached skill level 5 in Polearms
 20386 | Lair:1   | Reached skill level 5 in Conjurations
 20391 | Lair:1   | Reached skill level 10 in Poison Magic
 20511 | Lair:1   | Reached ****** piety under Kikubaaqudgha
 20516 | Lair:1   | Reached skill level 13 in Hexes
 20517 | Lair:1   | Received a gift from Kikubaaqudgha
 20527 | Lair:1   | Fell from the grace of Kikubaaqudgha
 20645 | D:8      | Became a worshipper of Sif Muna the Loreminder
 20856 | Lair:1   | Got a scorched flail
 21195 | Lair:2   | Reached skill level 10 in Shields
 21447 | Lair:2   | Noticed a seven-headed hydra
 21790 | Lair:2   | Found a hole to the Spider Nest.
 21802 | Lair:2   | Killed a one-headed hydra
 21802 | Lair:2   | Reached * piety under Sif Muna
 22533 | Lair:2   | Identified the cursed +1 flail of Wiyrr {elec, rC- Str+10 Dex+7} (You found it on level 1 of the Lair of Beasts)
 22787 | Lair:3   | Noticed Fibo's ghost (journeyman DsGl)
 22847 | Lair:3   | Learned a level 2 spell: Swiftness
 22931 | Lair:3   | Reached XP level 14. HP: 101/101 MP: 8/22
 22951 | Lair:3   | Found a staircase to the Shoals.
 23282 | Lair:3   | Reached ** piety under Sif Muna
 24638 | Lair:4   | Reached skill level 14 in Hexes
 25818 | Lair:5   | You fall through a shaft!
 25818 | Lair:6   | Entered Level 6 of the Lair of Beasts
 25818 | Lair:6   | Found a staircase to the Slime Pits.
 26427 | Lair:6   | Reached *** piety under Sif Muna
 26886 | Lair:6   | Was forgiven by Kikubaaqudgha
 27066 | Lair:6   | Reached skill level 5 in Dodging
 27197 | Lair:5   | Noticed Nessos
 27218 | Lair:5   | Killed Nessos
 27355 | Lair:5   | Reached XP level 15. HP: 108/110 MP: 6/25
 27684 | Lair:5   | Reached skill level 15 in Hexes
 27693 | Lair:5   | Reached **** piety under Sif Muna
 28838 | Shoals:1 | Entered Level 1 of the Shoals
 28880 | Shoals:1 | Found a frozen archway.
 28892 | IceCv    | Entered an ice cave
 29358 | IceCv    | Reached skill level 16 in Hexes
 29432 | IceCv    | Reached skill level 1 in Earth Magic
 29482 | IceCv    | Noticed an Ice Fiend
 29621 | IceCv    | Noticed an Ice Fiend
 29821 | Shoals:1 | Killed from afar by an ice statue

Skill      XL: |  1  2  3  4  5  6  7  8  9 10 11 12 13 14 15 |
---------------+----------------------------------------------+-----
Conjurations   | 1 2 3 4 5 |  5.0
Fighting       | 1 3 4 5 6 8 |  8.0
Dodging        | 2 3 5 |  5.0
Armour         | 1 2 3 4 5 7 |  7.0
Stealth        | 3 4 5 6 7 |  7.0
Hexes          | 2 3 5 6 12 13 14 16 | 16.0
Poison Magic   | 2 7 8 9 10 | 10.0
Air Magic      | 1 2 3 4 |  4.0
Spellcasting   | 4 5 7 |  7.0
Evocations     | 3 6 7 8 |  8.0
Polearms       | 2 3 4 5 6 |  6.0
Charms         | 1 2 3 |  3.0
Necromancy     | 2 3 |  3.0
Shields        | 7 10 | 10.0
Earth Magic    | 1 |  1.8
Summonings     | |  1.0
Translocations | |  0.8

Action                   |  1- 3 |  4- 6 |  7- 9 | 10-12 | 13-15 || total
-------------------------+-------+-------+-------+-------+-------++-------
Melee: Club              |    80 |    60 |       |       |       ||   140
       Unarmed           |     3 |       |       |       |       ||     3
       Mace              |       |     7 |       |       |       ||     7
       Rapier            |       |       |   128 |       |       ||   128
       Staff             |       |       |    14 |       |       ||    14
       Falchion          |       |       |   143 |       |       ||   143
       Halberd           |       |       |   110 |   770 |  1463 ||  2343
       Glaive            |       |       |       |       |    93 ||    93
 Fire: Longbow           |       |       |       |       |     2 ||     2
Throw: Stone             |       |       |       |     1 |       ||     1
       Tomahawk          |       |       |       |     1 |       ||     1
 Cast: Magic Dart        |    55 |   188 |   175 |       |       ||   418
       Slow              |       |       |    22 |    61 |    68 ||   151
       Mephitic Cloud    |       |       |    18 |    29 |    56 ||   103
       Confuse           |       |       |     1 |   120 |   251 ||   372
       Regeneration      |       |       |       |     6 |       ||     6
       Swiftness         |       |       |       |       |     1 ||     1
Invok: Receive Necronomi |       |       |       |       |     1 ||     1
       Divine Energy     |       |       |       |       |     1 ||     1
       Renounce Religion |       |       |       |       |     1 ||     1
 Abil: Dig               |       |     8 |    34 |    16 |    49 ||   107
Evoke: Wand              |       |       |    21 |    19 |       ||    40
  Use: Scroll            |       |     4 |     3 |     5 |     3 ||    15
       Potion            |       |       |       |     2 |     3 ||     5
 Stab: Sleeping          |       |       |     3 |     3 |     3 ||     9
       Confused          |       |       |     2 |    38 |   150 ||   190
       Distracted        |       |       |       |     1 |       ||     1
       Paralysed         |       |       |       |    17 |       ||    17
       Petrified         |       |       |       |       |     4 ||     4
  Eat: Chunk             |     1 |    14 |    20 |    33 |    43 ||   111
       Ration            |       |       |     2 |     1 |     2 ||     5
Armor: Robe              |     4 |       |       |       |       ||     4
       Ring mail         |    68 |    50 |   324 |    79 |       ||   521
       Leather armour    |       |     7 |       |       |     1 ||     8
       Troll leather arm |       |       |       |   105 |   254 ||   359
Dodge: Dodged            |    79 |   117 |   393 |   313 |   410 ||  1312
Block: Shield            |       |       |       |    75 |   494 ||   569
       Rpst.: Falchion   |       |       |    31 |       |       ||    31
